 Dungeon Crawl Stone Soup version 0.27.1-2-g3b301248ec (webtiles) character file.

Game seed: 16639260560648640046

201838 nxtlvl the Sorcerer (level 17, -1/83 (88) HPs)
             Began as a Deep Elf Artificer on Sept 28, 2021.
             Was the Champion of Vehumet.
             Slain by a spectral quicksilver dragon (5 damage)
             ... summoned by a vampire mage
             ... on level 2 of the Crypt.
             The game lasted 06:03:50 (16547 turns).

nxtlvl the Sorcerer (Deep Elf Artificer)           Turns: 16547, Time: 06:03:50

HP:   -1/83 (88)    AC: 12    Str:  9    XL:     17   Next: 92%
MP:   32/62         EV: 18    Int: 27    God:    Vehumet [******]
Gold: 1881          SH:  7    Dex: 12    Spells: 1/59 levels left

rFire    . . .     SeeInvis .   a - staff of conjuration
rCold    . . .     Faith    .   h - +2 buckler {AC+3}
rNeg     . . .     Spirit   .   c - +2 robe of Vines {NoPotionHeal Regen+++}
rPois    +         Reflect  .   d - +2 helmet {Int+3}
rElec    .         Harm     .   E - scarf {repulsion}
rCorr    .         Rampage  .   g - +0 pair of gloves
Will     +....                  f - +0 pair of boots
Stlth    +++.......             z - amulet "Qihei" {rPois Regen+ Dex-3 Stlth+}
HPRegen  4.23/turn              l - ring of magical power
MPRegen  0.38/turn              L - ring of magical power

@: about to teleport, very slightly contaminated, slowed, drained, repel
missiles, very slow
A: no striking features
}: 1/15 runes: decaying
a: Renounce Religion


You were on level 2 of the Crypt.
You worshipped Vehumet.
Vehumet was exalted by your worship.
You visited 6 branches of the dungeon, and saw 32 of its levels.
You also visited: Sewer, Bailey and Ice Cave.

You collected 2798 gold pieces.
You spent 917 gold pieces at shops.

Inventory:

Hand Weapons
 A - a +2 vampiric rapier
Armour
 c - the +2 robe of Vines (worn) {NoPotionHeal Regen+++}
   (You found it on level 5 of the Lair of Beasts)

   Its wearer cannot be healed by potions.
   Regen:     It increases your rate of health regeneration.
 d - a +2 helmet of intelligence (worn)
 e - a scarf of resistance
 f - a +0 pair of boots (worn)
 g - a +0 pair of gloves (worn)
 h - a +2 buckler of protection (worn)
 E - a scarf of repulsion (worn)
 H - a +3 buckler of cold resistance
Magical Staves
 a - a staff of conjuration (weapon)
 b - a staff of earth
 B - a staff of death
Jewellery
 l - a ring of magical power (left hand)
 o - a ring of positive energy
 p - the ring "Paki" {Wiz *Corrode rElec Str+4}
   (You found it on level 3 of the Swamp)

   [ring of wizardry]

   It improves your spell success rate.
   Str:       It affects your strength (+4).
   rElec:     It insulates you from electricity.
   *Corrode:  It may corrode you when you take damage.
 z - the amulet "Qihei" (around neck) {rPois Regen+ Dex-3 Stlth+}
   (You acquired it on level 2 of the Lair of Beasts)

   [amulet of regeneration]

   Dex:       It affects your dexterity (-3).
   rPois:     It protects you from poison.
   Regen:     It increases your rate of health regeneration.
   Stlth:     It makes you more stealthy.
 L - a ring of magical power (right hand)
 P - a ring of see invisible
Wands
 G - a wand of iceblast (17)
 R - a wand of paralysis (25)
 U - a wand of digging (9)
 X - a wand of acid (10)
Scrolls
 i - a scroll of identify
 q - 3 scrolls of summoning
 u - 6 scrolls of fog
 K - a scroll of immolation
 O - 6 scrolls of fear
 T - 4 scrolls of magic mapping
 W - 4 scrolls of vulnerability
 Z - 6 scrolls of teleportation
Potions
 j - 3 potions of cancellation
 m - 4 potions of lignification
 r - a potion of ambrosia
 s - 4 potions of mutation {unknown}
 w - 4 potions of invisibility {unknown}
 x - 2 potions of magic
 F - 8 potions of might
 I - 2 potions of curing
 J - 4 potions of attraction
 M - 4 potions of resistance {unknown}
 N - 3 potions of haste
 Q - 6 potions of brilliance
 S - 2 potions of flight
Miscellaneous
 n - a box of beasts
 C - a condenser vane
 V - a tin of tremorstones (1/2)


   Skills:
 - Level 4.0 Fighting
 - Level 8.0 Short Blades
 + Level 1.6 Staves
 - Level 0.7 Armour
 - Level 15.0 Dodging
 - Level 1.2 Stealth
 - Level 4.0 Shields
 + Level 21.9 Spellcasting
 - Level 14.0 Conjurations
 - Level 8.0 Summonings
 - Level 8.0 Necromancy
 * Level 14.6 Earth Magic
 - Level 8.0 Evocations


You had one spell level left.
You knew the following spells:

 Your Spells              Type           Power      Damage    Failure   Level
a - Sublimation of Blood  Necr           32%        N/A       1%          2
b - Lee's Rapid Deconstr  Erth           41%        3d21*     1%          5
c - Freezing Cloud        Conj/Ice/Air   35%        6-21      1%          5
n - Lehudib's Crystal Sp  Conj/Erth      51%        10d12     7%          8
p - Magic Dart            Conj           100%       1d8       0%          1
s - Blink                 Tloc           N/A        N/A       1%          2
v - Orb of Destruction    Conj           51%        9d16      1%          7
x - Searing Ray           Conj           100%       3d7       0%          2
z - Stone Arrow           Conj/Erth      100%       3d13      0%          3
B - Fireball              Conj/Fire      39%        3d16      1%          5
C - Mephitic Cloud        Conj/Pois/Air  70%        N/A       1%          3
V - Spellforged Servitor  Conj/Summ      46%        N/A       3%          7
X - Frozen Ramparts       Ice            58%        1d7       1%          3
Z - Bolt of Magma         Conj/Fire/Erth 44%        4d18      1%          5

Your spell library contained the following spells:

 Spells                   Type           Power      Damage    Failure   Level
 Ignition                 Fire           14%        3d6       100%        8
 Polar Vortex             Ice            14%        N/A       100%        9
 Sandblast                Erth           100%       2d20      0%          1
 Call Imp                 Summ           64%        N/A       1%          2
 Corpse Rot               Necr/Air       N/A        N/A       1%          2
 Poisonous Vapours        Pois/Air       58%        N/A       1%          2
 Slow                     Hex            29%        N/A       1%          2
 Call Canine Familiar     Summ           64%        N/A       1%          3
 Summon Guardian Golem    Hex/Summ       50%        N/A       1%          3
 Vampiric Draining        Necr           32%        2d10      1%          3
 Fulminant Prism          Conj/Hex       39%        3d18      1%          4
 Leda's Liquefaction      Hex/Erth       31%        N/A       1%          4
 Petrify                  Tmut/Erth      62%        N/A       1%          4
 Borgnjor's Vile Clutch   Necr/Erth      37%        N/A       1%          5
 Irradiate                Conj/Tmut      39%        3d26      1%          5
 Confusing Touch          Hex            29%        N/A       3%          3
 Portal Projectile        Hex/Tloc       58%        N/A       3%          3
 Alistair's Intoxication  Tmut/Pois      19%        N/A       34%         5
 Manifold Assault         Tloc           29%        N/A       34%         5
 Eringya's Noxious Bog    Tmut/Pois      14%        N/A       43%         6
 Shatter                  Erth           41%        3d32*     58%         9
 Storm Form               Tmut/Air       14%        N/A       100%        7


Dungeon Overview and Level Annotations

Branches:
Dungeon (15/15)            Temple (0/1) D:5            Lair (6/6) D:8
  Swamp (4/4) Lair:4       Spider (0/4) Lair:4        Slime (0/5) Lair:5
    Orc (2/2) D:11            Elf (0/3) Orc:2        Vaults (2/5) D:14
  Crypt (3/3) Vaults:2      Sewer (visited)          Bailey (visited)
  IceCv (visited)
   Tomb: Crypt:3     Depths: D:15

Altars:
Cheibriados
Dithmenos
Fedhas
Hepliaklqana
Kikubaaqudgha
Makhleb
Qazlal
Uskayaw
Vehumet
Wu Jian
Xom
The Shining One
Jiyva

Shops:
D:3 [   D:9 =!   D:11 [   Orc:1 [   Orc:2 :[**

Portals:
Hell: Lair:6
Pandemonium: Orc:2

Annotations:
D:6 Sigmund
D:7 1 runed translucent door, boopmooplesden's ghost, novice MiFi
D:11 Urug
D:14 Rupert
Lair:1 1 runed translucent door, Ekaitz's ghost, journeyman DEEE


Message History

The vampire mage gestures wildly while chanting.
Something completely misses you.
Casting: Lehudib's Crystal Spear (quite dangerous; 7% risk of failure)
Confirm with . or Enter, or press ? or * to list all spells.
The spell is quite dangerous to cast (7% risk of failure)!
Continue anyway?
Aiming: Lehudib's Crystal Spear (quite dangerous; 7% risk of failure)
Press: ? - help, Shift-Dir - straight line, f/p - vampire mage
Aim: a vampire mage, wearing a +0 robe (moderately damaged, ally target, 82% to hit)
You feel a surge of power!
The crystal spear misses the vampire mage.
You block the spectral quicksilver dragon's attack.
The spectral quicksilver dragon barely misses you.
The vampire mage gestures wildly while chanting.
The vampire mage flickers and vanishes!
Something barely misses you. Something hits you! Something drains your vigour!
You feel as though you will be slow longer.
The spectral quicksilver dragon misses you.
The spectral quicksilver dragon closely misses you.
The dire elephant skeleton tramples you but does no damage.
Something hits you!! Something drains your vigour!
You feel as though you will be slow longer.
The spectral quicksilver dragon bites you.
You feel drained.
The spectral quicksilver dragon claws you!
* * * LOW HITPOINT WARNING * * *
Something hits you but does no damage. The phantasmal warrior hits you!
* * * LOW HITPOINT WARNING * * *
Unknown command.
As you read the scroll of teleportation, it crumbles to dust.
You feel strangely unstable.
The spectral quicksilver dragon bites you.
* * * LOW HITPOINT WARNING * * *
The spectral quicksilver dragon claws you but does no damage.
Something hits you.
* * * LOW HITPOINT WARNING * * *
You block something's attack.
The spectral quicksilver dragon bites you.
* * * LOW HITPOINT WARNING * * *
The spectral quicksilver dragon claws you.
You die...

### #######################
#.. ......8Z...............
#.#########.Z...............
#.#.......'@{W.#########....
#.#.......#.{..#.......'....
#.+<......#....#.......#....
#.#.......#....#./.....#....
#†#.......#....#.......+....
#.#########....#.......#....
#.[............#......######
#..............##+##+#
#..................


You could see a phantasmal warrior (summoned), a spectral quicksilver dragon
(summoned), a dire elephant skeleton (summoned) and a friendly spellforged
servitor (summoned).

Vanquished Creatures
  the Lernaean hydra (Swamp:4)
  2 Ice Fiends (IceCv)
  A fenstrider witch (Swamp:1)
  2 orc warlords
  2 curse skulls
  7 ghouls
  The ghost of Ponit the Eclecticist, a journeyman DECj of Vehumet (D:14)
  2 vampire knights
  3 ironbound preservers
  A bunyip (Swamp:3)
  2 eidola (Crypt:2)
  A deep elf death mage (Crypt:1)
  Snorg (Lair:4)
  3 jiangshi
  A quicksilver dragon skeleton (Crypt:2)
  3 boulder beetles
  A yaktaur captain (Vaults:2)
  2 catoblepae
  5 ghost crabs (Swamp:1)
  A caustic shrike simulacrum (IceCv)
  24 hydras
  7 two-headed ogres
  4 centaur warriors
  5 alligators
  7 orc high priests (Orc:2)
  2 death yaks
  4 vampire magi
  A soul eater (Crypt:2)
  A skeletal warrior (D:13)
  A sixfirhy (Lair:6)
  Nergalle (Lair:1)
  A gelid demonspawn (Orc:2)
  A goliath frog (Swamp:1)
  15 bog bodies
  8 deep trolls
  9 spriggan druids
  13 orc knights
  An infernal demonspawn (Orc:2)
  2 flayed ghosts (Crypt:2)
  8 swamp dragons
  Pikel (D:6)
  3 phantasmal warriors
  2 obsidian statues (IceCv)
  2 wizards
  An oklob plant (Lair:5)
  2 necromancers
  12 orc sorcerers
  A stone giant zombie (Crypt:2)
  3 will-o-the-wisps
  An ugly thing (Vaults:2)
  3 cyclopes
  3 manticores
  A stone giant skeleton (Crypt:2)
  8 elephants
  A frost giant skeleton (Crypt:1)
  A vault sentinel (Vaults:1)
  4 apocalypse crabs (Swamp:1)
  A rust devil (Orc:2)
  9 cane toads
  A torpor snail (Lair:6)
  3 orange demons
  A gargoyle (D:13)
  A cane toad (shapeshifter) (D:13)
  A dire elephant skeleton (Crypt:1)
  A red draconian zombie (Crypt:2)
  A grey draconian zombie (Crypt:2)
  4 rime drakes
  7 freezing wraiths
  11 komodo dragons
  3 golden dragon simulacra (IceCv)
  4 yaktaurs (Vaults:2)
  2 unseen horrors
  A hellwing (Lair:6)
  6 ice devils
  3 bloated husks
  7 trolls
  2 red devils
  A wind drake (shapeshifter) (D:14)
  A hydra skeleton (Crypt:1)
  2 polar bears
  10 slime creatures
  2 tyrant leeches (Swamp:4)
  A guardian serpent zombie (Crypt:2)
  6 dream sheep (Lair:6)
  2 blink frogs
  An alligator zombie (Crypt:1)
  A centaur simulacrum (D:13)
  3 redbacks (Lair:4)
  A dire elephant simulacrum (IceCv)
  2 spriggans (Swamp:3)
  A wind drake zombie (Crypt:2)
  3 wraiths
  A yak (shapeshifter) (D:15)
  A vampire (D:12)
  A spriggan simulacrum (IceCv)
  6 basilisks
  48 yaks
  13 humans (D:14)
  2 chaos spawn (Orc:2)
  6 wyverns
  3 vampire mosquitoes
  A harpy simulacrum (IceCv)
  4 wargs
  4 hydra simulacra (IceCv)
  3 acid dragons
  11 swamp worms
  A water nymph zombie (Crypt:1)
  4 hell hounds (Lair:6)
  20 water moccasins
  A monstrous demonspawn skeleton (Crypt:2)
  38 orc warriors
  2 ice beasts
  2 black bears
  9 swamp drakes
  2 ettin simulacra
  14 centaurs
  5 necrophages
  7 ogres
  14 wolves
  A phantom (D:5)
  8 bullfrogs
  A kobold brigand (D:8)
  2 gnoll sergeants
  2 scorpions (D:4)
  A wyvern zombie (D:7)
  A wyvern skeleton (D:7)
  A water moccasin skeleton (D:5)
  6 killer bees (D:8)
  3 howler monkeys
  16 wights
  An electric eel (Lair:5)
  3 centaur zombies
  7 jellies (Lair:3)
  22 orc priests
  Crazy Yiuf (D:7)
  Jessica (D:3)
  A centaur skeleton (D:7)
  Terence (D:3)
  17 orc wizards
  2 hell rats (Lair:1)
  A hound zombie (D:5)
  A hound skeleton (D:4)
  A howler monkey zombie (D:6)
  4 adders
  12 gnolls
  10 river rats
  2 ufetubi
  A lava snake skeleton (Crypt:2)
  A worm zombie (Crypt:2)
  A dart slug (D:3)
  89 orcs
  9 ball pythons
  6 bats
  17 endoplasms
  A giant cockroach (D:2)
  9 goblins
  3 hobgoblins
  6 jackals (D:3)
  5 quokkas
  13 frilled lizards
  7 kobolds
  16 rats
  A rat skeleton (Crypt:2)
  7 briar patches (Swamp:3)
856 creatures vanquished.

Vanquished Creatures (collateral kills)
  Saint Roka (Orc:2)
  Bai Suzhen (Crypt:1)
  Donald (Swamp:1)
  A revenant (Vaults:2)
  5 ghouls
  A very ugly thing (IceCv)
  A reaper (Crypt:2)
  An eidolon (Vaults:2)
  An eleionoma (Swamp:4)
  A quicksilver dragon zombie (Crypt:2)
  A hydra (Swamp:4)
  2 alligators
  A death knight (D:13)
  A ghost crab (Swamp:1)
  A goliath frog (Swamp:3)
  A swamp dragon (Swamp:4)
  3 deep trolls (Vaults:2)
  A bog body (Swamp:4)
  An anaconda skeleton (Crypt:1)
  2 will-o-the-wisps
  A stone giant zombie (Crypt:1)
  An ugly thing (Vaults:2)
  An apocalypse crab (Swamp:1)
  2 cane toads (Lair:5)
  An unseen horror (D:13)
  A freezing wraith (IceCv)
  A tyrant leech (Swamp:1)
  A wraith (Crypt:1)
  2 vampire mosquitoes (Swamp:1)
  A swamp worm (Swamp:3)
  A warg (Orc:2)
  5 orc warriors
  A swamp drake (Swamp:4)
  A faun skeleton (Crypt:2)
  An ettin simulacrum (IceCv)
  An ogre (D:4)
  A wolf (Lair:5)
  A spriggan zombie (Crypt:2)
  A centaur skeleton (D:7)
  An orc priest (D:6)
  2 orc wizards
  A gnoll (D:5)
  A swamp drake zombie (Crypt:2)
  3 orcs
  A ball python (D:3)
  2 hobgoblins (D:3)
  A jackal (D:3)
65 creatures vanquished.

Vanquished Creatures (others)
  A spriggan druid (Swamp:1)
  A yak (D:10)
  2 orc warriors
  An orc priest (Orc:2)
  3 gnolls
  An adder (D:4)
  2 briar patches (Swamp:3)
  24 foxfires
  31 fungi
  32 plants
98 creatures vanquished.

Grand Total: 1019 creatures vanquished

Notes
Turn   | Place    | Note
-------+----------+-------------------------------------------
     0 | D:1      | nxtlvl the Deep Elf Artificer began the quest for the Orb.
     0 | D:1      | Reached XP level 1. HP: 11/11 MP: 3/3
   188 | D:3      | Reached skill level 1 in Short Blades
   188 | D:3      | Reached XP level 2. HP: 6/16 MP: 4/4
   249 | D:3      | Found a faded altar of an unknown god.
   249 | D:3      | Found a blossoming altar of Fedhas.
   259 | D:3      | Noticed Terence
   301 | D:3      | Killed Terence
   302 | D:3      | Reached XP level 3. HP: 7/20 MP: 5/5
   828 | D:1      | Reached XP level 4. HP: 22/24 MP: 6/6
   952 | D:3      | Noticed Jessica
  1108 | D:3      | Found a radiant altar of Vehumet.
  1110 | D:3      | Found a hazy altar of Hepliaklqana.
  1112 | D:3      | Found a stormy altar of Qazlal.
  1115 | D:3      | Became a worshipper of Vehumet
  1136 | D:3      | Found Vusen's Armour Shop.
  1172 | D:3      | Killed Jessica
  1231 | D:4      | Noticed an ogre
  1290 | D:4      | Killed an ogre
  1291 | D:4      | Reached XP level 5. HP: 12/28 MP: 7/7
  1349 | D:4      | Reached skill level 5 in Short Blades
  1568 | D:4      | Reached XP level 6. HP: 29/33 MP: 8/8
  1601 | D:5      | Entered Level 5 of the Dungeon
  1679 | D:5      | Reached skill level 1 in Fighting
  1690 | D:5      | Reached * piety under Vehumet
  1690 | D:5      | Offered knowledge of Magic Dart by Vehumet.
  1693 | D:5      | Learned a level 1 spell: Magic Dart
  1774 | D:5      | Found a glowing drain.
  1785 | Sewer    | Entered a sewer
  1959 | Sewer    | Reached skill level 1 in Conjurations
  2135 | D:5      | Reached skill level 1 in Spellcasting
  2135 | D:5      | Reached XP level 7. HP: 38/38 MP: 8/10
  2303 | D:5      | Found a staircase to the Ecumenical Temple.
  2340 | D:5      | Reached ** piety under Vehumet
  2340 | D:5      | Offered knowledge of Sandblast by Vehumet.
  2378 | D:6      | Noticed Pikel
  2382 | D:6      | Killed Pikel
  2383 | D:6      | Reached skill level 1 in Shields
  2383 | D:6      | Reached skill level 2 in Spellcasting
  2383 | D:6      | Reached XP level 8. HP: 42/44 MP: 11/14
  2389 | D:6      | Learned a level 1 spell: Sandblast
  2408 | D:6      | Learned a level 2 spell: Searing Ray
  2485 | D:6      | Reached skill level 3 in Spellcasting
  2570 | D:6      | Noticed Sigmund
  2696 | D:6      | Found an ornate altar of the Wu Jian Council.
  2731 | D:6      | Found a shadowy altar of Dithmenos.
  2987 | D:7      | Found a runed translucent door.
  2988 | D:7      | Noticed Crazy Yiuf
  3000 | D:7      | Killed Crazy Yiuf
  3038 | D:7      | Found a runed translucent door.
  3038 | D:7      | Noticed boopmooplesden's ghost (novice MiFi)
  3067 | D:7      | Reached skill level 4 in Spellcasting
  3068 | D:7      | Reached skill level 5 in Conjurations
  3133 | D:7      | Offered knowledge of Frozen Ramparts by Vehumet.
  3134 | D:7      | Reached XP level 9. HP: 45/50 MP: 4/17
  3142 | D:7      | Learned a level 3 spell: Frozen Ramparts
  3328 | D:8      | Noticed a +0 short sword
  3328 | D:8      | Noticed a +0 spear
  3328 | D:8      | Noticed a +0 dagger
  3328 | D:8      | Noticed a +0 short sword
  3328 | D:8      | Noticed a +0 falchion
  3328 | D:8      | Noticed a +0 dagger
  3328 | D:8      | Noticed a +0 falchion
  3328 | D:8      | Noticed a +0 spear
  3389 | D:8      | Found a hide-covered altar of Uskayaw.
  3391 | D:8      | Identified the +2 hat of Eckeiqaj {rPois Str+6 Int-3}
  3440 | D:8      | Reached *** piety under Vehumet
  3621 | D:9      | Found Siutaekh's Jewellery Shoppe.
  3749 | D:9      | Offered knowledge of Stone Arrow by Vehumet.
  3764 | D:9      | Learned a level 3 spell: Stone Arrow
  4012 | D:9      | Found Limem's Distillery.
  4054 | D:9      | Found a snail-covered altar of Cheibriados.
  4247 | D:8      | Reached skill level 5 in Spellcasting
  4457 | D:8      | Reached skill level 6 in Spellcasting
  4469 | D:8      | Found a staircase to the Lair.
  4469 | D:8      | Noticed an elephant
  4500 | D:10     | Entered Level 10 of the Dungeon
  4526 | D:10     | Noticed a two-headed ogre
  4554 | D:10     | Reached XP level 10. HP: 49/56 MP: 13/22
  4556 | D:10     | Noticed a two-headed ogre
  4886 | D:10     | Found a glowing golden altar of the Shining One.
  4953 | D:10     | Reached skill level 7 in Spellcasting
  4975 | D:10     | Reached **** piety under Vehumet
  4976 | D:10     | Killed a two-headed ogre
  5097 | D:10     | Killed a two-headed ogre
  5098 | D:10     | Reached skill level 8 in Spellcasting
  5098 | D:10     | Reached skill level 10 in Conjurations
  5179 | D:11     | Noticed a two-headed ogre
  5300 | D:11     | Noticed Urug
  5300 | D:11     | Noticed a two-headed ogre
  5420 | D:11     | Killed a two-headed ogre
  5567 | D:6      | Reached skill level 9 in Spellcasting
  5701 | D:3      | Offered knowledge of Mephitic Cloud by Vehumet.
  5707 | D:3      | Learned a level 3 spell: Mephitic Cloud
  5771 | D:3      | Bought a +2 troll leather armour for 378 gold pieces
  5887 | D:7      | Learned a level 7 spell: Orb of Destruction
  5955 | D:8      | Killed an elephant
  5990 | Lair:1   | Entered Level 1 of the Lair of Beasts
  5990 | Lair:1   | Noticed a cane toad
  5992 | Lair:1   | Killed a cane toad
  5996 | Lair:1   | Reached XP level 11. HP: 57/60 MP: 11/26
  6002 | Lair:1   | Learned a level 5 spell: Freezing Cloud
  6216 | Lair:1   | Reached skill level 10 in Spellcasting
  6227 | Lair:1   | Found an ancient bone altar of Kikubaaqudgha.
  6234 | Lair:1   | Reached ***** piety under Vehumet
  6234 | Lair:1   | Offered knowledge of Lee's Rapid Deconstruction by Vehumet.
  6241 | Lair:1   | Learned a level 5 spell: Lee's Rapid Deconstruction
  6269 | Lair:1   | Noticed Nergalle
  6419 | Lair:2   | Noticed a boulder beetle
  6454 | Lair:2   | Killed a boulder beetle
  6628 | Lair:2   | Reached skill level 11 in Spellcasting
  6734 | Lair:1   | Found a runed translucent door.
  6734 | Lair:1   | Found a shimmering altar of Xom.
  6734 | Lair:1   | Noticed Ekaitz's ghost (journeyman DEEE)
  6735 | Lair:1   | Noticed a +2 flail of chaos
  6818 | Lair:1   | Killed Nergalle
  6886 | Lair:2   | Identified 2 scrolls of acquirement
  6888 | Lair:2   | Acquired a staff of conjuration
  6891 | Lair:2   | Acquired the amulet "Qihei" {rPois Regen+ Dex-3 Stlth+}
  6971 | Lair:2   | Reached skill level 12 in Spellcasting
  7189 | Lair:3   | Reached XP level 12. HP: 52/64 MP: 18/30
  7381 | Lair:3   | Reached skill level 5 in Dodging
  7409 | Lair:3   | Reached skill level 13 in Spellcasting
  7453 | Lair:4   | Learned a level 7 spell: Spellforged Servitor
  7514 | Lair:4   | Reached skill level 1 in Summonings
  7590 | Lair:4   | Noticed a five-headed hydra
  7591 | Lair:4   | Noticed a death yak
  7597 | Lair:4   | Killed a five-headed hydra
  7605 | Lair:4   | Offered knowledge of Bolt of Magma by Vehumet.
  7614 | Lair:4   | Killed a death yak
  7669 | Lair:4   | Noticed Snorg
  7673 | Lair:4   | Killed Snorg
  7674 | Lair:4   | Reached skill level 14 in Spellcasting
  7978 | Lair:4   | Found a hole to the Spider Nest.
  8017 | Lair:6   | Entered Level 6 of the Lair of Beasts
  8034 | Lair:6   | Noticed a six-headed hydra
  8037 | Lair:6   | Killed a six-headed hydra
  8049 | Lair:6   | Identified the +10 glaive of Havoc {freeze, Int+7}
  8091 | Lair:6   | Reached skill level 15 in Spellcasting
  8126 | Lair:6   | Noticed a catoblepas
  8135 | Lair:6   | Killed a catoblepas
  8136 | Lair:6   | Reached skill level 5 in Summonings
  8139 | Lair:6   | Reached XP level 13. HP: 68/68 MP: 18/34
  8174 | Lair:6   | Learned a level 5 spell: Bolt of Magma
  8402 | Lair:6   | Reached skill level 16 in Spellcasting
  8512 | Lair:6   | Found a burning altar of Makhleb.
  8521 | Lair:6   | Offered knowledge of Lightning Bolt by Vehumet.
  8598 | Lair:6   | Found a gateway to Hell.
  8605 | Lair:6   | Identified the +6 hand axe "Wurag" {vorpal, *Noise rPois
                  | Will+ Stlth+}
  8932 | Lair:5   | Reached skill level 1 in Earth Magic
  8936 | Lair:5   | Found the +2 robe of Vines {NoPotionHeal Regen+++}
  8944 | Lair:5   | Reached skill level 17 in Spellcasting
  9117 | Lair:5   | Reached skill level 10 in Dodging
  9120 | Lair:5   | Found a viscous altar of Jiyva.
  9120 | Lair:5   | Found a staircase to the Slime Pits.
  9315 | D:11     | Found Dexenu's Armour Shop.
  9683 | D:11     | Found a staircase to the Orcish Mines.
  9753 | Orc:1    | Entered Level 1 of the Orcish Mines
  9778 | Orc:1    | Offered knowledge of Fireball by Vehumet.
  9778 | Orc:1    | Reached ****** piety under Vehumet
  9779 | Orc:1    | Reached XP level 14. HP: 63/74 MP: 27/37
  9788 | Orc:1    | Learned a level 5 spell: Fireball
  9831 | Orc:1    | Noticed an orc warlord
  9845 | Orc:1    | Killed an orc warlord
  9944 | Orc:2    | Entered Level 2 of the Orcish Mines
 10044 | Orc:2    | Noticed Saint Roka
 10127 | Orc:1    | Found Pitykeen's Armour Shoppe.
 10242 | Orc:2    | Killed Saint Roka
 10242 | Orc:2    | Offered knowledge of Starburst by Vehumet.
 10243 | Orc:2    | Reached skill level 18 in Spellcasting
 10488 | Orc:2    | Found a staircase to the Elven Halls.
 10489 | Orc:2    | Found a burning altar of Makhleb.
 10620 | Orc:2    | Reached skill level 5 in Earth Magic
 10656 | Orc:2    | Found Docw's General Store.
 10689 | Orc:2    | Found Biedwoh's General Store.
 10698 | Orc:2    | Offered knowledge of Eringya's Noxious Bog by Vehumet.
 10990 | Orc:2    | Reached skill level 19 in Spellcasting
 11100 | Orc:2    | Found Ivasal's Antique Armour Shoppe.
 11100 | Orc:2    | Found a one-way gate leading to the halls of Pandemonium.
 11100 | Orc:2    | Found Siacedat's Book Emporium.
 11134 | Orc:2    | Bought a glowing cloak for 195 gold pieces
 11134 | Orc:2    | Bought an embroidered scarf for 208 gold pieces
 11186 | Orc:2    | Bought a scroll of teleportation for 51 gold pieces
 11186 | Orc:2    | Bought a scroll of identify for 34 gold pieces
 11186 | Orc:2    | Bought a potion of flight for 51 gold pieces
 11251 | D:11     | Learned a level 2 spell: Sublimation of Blood
 11573 | Lair:4   | Found a staircase to the Swamp.
 11582 | Swamp:1  | Entered Level 1 of the Swamp
 11595 | Swamp:1  | Found a runed translucent door.
 11606 | Swamp:1  | Learned a level 2 spell: Blink
 11645 | Swamp:1  | Acquired a +2 buckler of protection
 11674 | Swamp:1  | Noticed a fenstrider witch
 11722 | Swamp:1  | Reached XP level 15. HP: 64/78 MP: 17/40
 11736 | Swamp:1  | Killed a fenstrider witch
 11829 | Swamp:1  | Reached skill level 1 in Necromancy
 11860 | Swamp:1  | Noticed Donald
 11871 | Swamp:1  | Killed Donald
 12019 | Swamp:1  | Offered knowledge of Maxwell's Capacitive Coupling by
                  | Vehumet.
 12181 | Swamp:1  | Identified the +4 longbow "Ifoe" {venom, rPois Will+ MP-9}
 12437 | Swamp:2  | Reached skill level 20 in Spellcasting
 12446 | Swamp:2  | Identified the +1 dagger "Jelly's Doom" {vorpal, Str+4}
 12504 | Swamp:3  | Reached skill level 5 in Necromancy
 12589 | Swamp:3  | Found a transporter.
 12610 | Swamp:3  | Found a transporter.
 12736 | Swamp:3  | Offered knowledge of Lehudib's Crystal Spear by Vehumet.
 12736 | Swamp:3  | Offered knowledge of Polar Vortex by Vehumet.
 12736 | Swamp:3  | Offered knowledge of Ignition by Vehumet.
 12780 | Swamp:3  | Identified the +2 cloak "Uhepep" {Harm rPois Str+6}
 12786 | Swamp:3  | Identified the ring "Paki" {Wiz *Corrode rElec Str+4}
 12798 | Swamp:4  | Entered Level 4 of the Swamp
 13008 | Swamp:4  | Reached XP level 16. HP: 83/83 MP: 42/42
 13094 | Swamp:4  | Reached skill level 10 in Earth Magic
 13125 | Swamp:4  | Noticed the 27-headed Lernaean hydra
 13148 | Swamp:4  | Killed the 27-headed Lernaean hydra
 13176 | Swamp:4  | Got a decaying rune of Zot
 14265 | D:13     | Reached skill level 5 in Evocations
 14295 | D:14     | Noticed Rupert
 14295 | D:14     | Found a gate to the Vaults.
 14457 | D:14     | Found a flagged portal.
 14470 | Bailey   | Entered a bailey
 14676 | Bailey   | Identified the +1 gold dragon scales of Valour {+Blink
                  | rPois rF+ rC+}
 14817 | D:14     | Found a large runed translucent door.
 14817 | D:14     | Found a large runed translucent door.
 14829 | D:14     | Noticed Ponit's ghost (journeyman DECj)
 14846 | D:14     | Killed Ponit's ghost
 14913 | D:14     | Reached skill level 21 in Spellcasting
 14964 | D:15     | Entered Level 15 of the Dungeon
 15012 | D:15     | Found a frozen archway.
 15021 | IceCv    | Entered an ice cave
 15194 | IceCv    | Noticed an Ice Fiend
 15205 | IceCv    | Killed an Ice Fiend
 15287 | IceCv    | Noticed an Ice Fiend
 15293 | IceCv    | Killed an Ice Fiend
 15493 | Vaults:1 | Entered Level 1 of the Vaults
 15521 | Vaults:1 | Reached XP level 17. HP: 87/87 MP: 44/44
 15709 | Vaults:1 | Learned a level 8 spell: Lehudib's Crystal Spear
 15864 | Vaults:2 | Found a staircase to the Crypt.
 15888 | Crypt:1  | Entered Level 1 of the Crypt
 15944 | Crypt:1  | Noticed Bai Suzhen
 15955 | Crypt:1  | Killed Bai Suzhen
 16077 | Crypt:3  | Entered Level 3 of the Crypt
 16155 | Crypt:2  | Reached skill level 15 in Dodging
 16391 | Crypt:2  | Reached skill level 1 in Staves
 16547 | Crypt:2  | HP: 4/83 [spectral quicksilver dragon[a vampire mage] (1)]
 16547 | Crypt:2  | Slain by a spectral quicksilver dragon

Illustrated notes

Levels and vault maps discovered:
D:1:      sevenhm_arrival_forest_fort_large_4, layout_loops_ring, serial_shops,
          nicolae_shop_trees, minivault_11
D:2:      layout_basic, serial_corexii_hall, chequers_hall_statues_y,
          corexii_hall_statues_i, lightli_corner_chamber
D:3:      layout_basic, chequers_temple_overflow_minitemple, serial_shops,
          nicolae_diamond_shop, dk_vineyard_3, minmay_misc_feat_more_columns,
          solitary_fountain, uniq_jessica, uniq_terence
D:4:      layout_basic
D:5:      layout_cave_pools, minmay_temple_entry_statues_fountains,
          portal_sewer_entry_d, hangedman_decor_diamond_cutter, st_stairs_1
D:6:      layout_loops_corners, mainiacjoe_overflow_two_lobes, uniq_pikel,
          uniq_sigmund
D:7:      layout_rooms, ebering_ghost_reflecting_pool, uniq_crazy_yiuf_cottage
D:8:      layout_layer_cave, nicolae_uskayaw_en_pointe, david_lair_generic
D:9:      layout_roguey, nicolae_overflow_hidden_temple, serial_shops, shop,
          minmay_shop_enchanted_jewellery, moated_statue
D:10:     layout_basic, mainiacjoe_overflow_paths
D:11:     layout_roguey, erik_orc_1, serial_shops, shop, uniq_urug
D:12:     layout_cave_pods, chequers_mini_garden, st_stairs_13
D:13:     layout_rooms
D:14:     minmay_open_boxes_in_corner, layout_basic, david_vaults_3,
          enter_bailey_3, ebering_ghost_disaster_area, hex_tiny,
          serial_aquarium, aquarium_bridge_island_large
          [aquarium_subvault_large_open, aquarium_subvault_wall,
          aquarium_subvault_bridge, aquarium_subvault_bridge,
          aquarium_subvault_wall], aquarium_bridge_square
          [aquarium_subvault_window, aquarium_subvault_wall,
          aquarium_subvault_bridge, aquarium_subvault_bridge],
          aquarium_window_3, aquarium_window_corner, aquarium_window_corner,
          aquarium_window_2, aquarium_view_2d
D:15:     hangedman_depths_entry_civil_slaughter, layout_stronghold,
          minmay_fountain_box, portal_ice_cave_entry_pillars_four, uniq_nessos
Lair:1:   layout_gridlike, ebering_ghost_xom, basic_altar,
          kennysheep_abandoned_house, grunt_megastairs_5,
          minmay_lair_oklob_chamber, uniq_nergalle
Lair:2:   layout_regular_city, chequers_serial_rivers_large_a,
          infiniplex_staircase_pool
Lair:3:   lemuel_slime, layout_cave_pods, serial_bayou_shore_b
Lair:4:   layout_cave_pods, minmay_swamp_entry_reptiles, spider_nest_entry_webs,
          beast_lair_carwin_7, uniq_snorg
Lair:5:   statuecave_lemuel, layout_gridlike, dpeg_slime_entry_enclosed_altar,
          basic_altar, hellmonk_guarded_unrand_vines
Lair:6:   evil_forest, layout_long_grid, chequers_serial_rivers_large_b,
          lemuel_fruit_fields
Swamp:1:  gammafunk_mikee_crab_dinner, layout_falls_marsh,
          gammafunk_ghost_grave, nicolae_swamp_well_well_well, swamp_pool3,
          uniq_donald
Swamp:2:  layout_basic_swamp, evilmike_swamp_ruin_house_3, swamp_pool1
Swamp:3:  gammafunk_worm_tunnel, layout_falls_marsh, nicolae_swamp_some_circles,
          swamp_pool2, nicolae_swamp_alligator_family
Swamp:4:  grunt_swamp_rune_castle, layout_basic_swamp
Orc:1:    layout_caves, serial_shops, nicolae_shop_statue_plus
Orc:2:    pf_orc_diabolical, layout_caves, bloody_makhleb, uniq_saint_roka
Vaults:1: v_misc_33, v_alt_pattern_6, v_misc_28, ontoclasm_vaults_ring_small,
          vaults_standard_mumra_lines, nicolae_vaults_little_squares_1,
          nicolae_vaults_display_case, vaults_mumra_hex,
          vaults_room_mumra_shop_pool, layout_vaults_omnigrid
Vaults:2: nicolae_vaults_shelves_hall, nicolae_vaults_little_squares_4,
          v_alt_pattern_4, minmay_crypt_entry_simple_box, vaults_dpeg_spiral,
          v_misc_11, nicolae_vaults_theta, ontoclasm_vaults_fault,
          ontoclasm_vaults_twist, hangedman_vaults_locks, grunt_vaults_focal,
          hangedman_vaults_stagger, hangedman_vaults_capsules,
          ontoclasm_vaults_hangar, vaults_room_pools,
          vaults_room_grunt_arrival_ludios, layout_vaults_ring, serial_shops,
          shop
Crypt:1:  hangedman_screamer, layout_chaotic_city, small_chamber_with_monster,
          lemuel_mausoleum_altar_yredelemnul, grunt_megastairs_4,
          uniq_bai_suzhen
Crypt:2:  layout_regular_city, st_burial_chamber
Crypt:3:  due_elkab, layout_chaotic_city, eino_tiny_chamber

Skill      XL: |  1  2  3  4  5  6  7  8  9 10 11 12 13 14 15 16 17 |
---------------+----------------------------------------------------+-----
Short Blades   | 1 2 3 4 5 6 7 8 |  8.0
Fighting       | 1 2 3 4 |  4.0
Dodging        | 3 4 7 10 11 13 14 15 | 15.0
Conjurations   | 1 3 5 8 11 14 | 14.0
Spellcasting   | 1 2 4 6 9 12 15 17 19 20 21 | 21.9
Shields        | 1 2 4 |  4.0
Evocations     | 4 6 8 |  8.0
Summonings     | 5 7 8 |  8.0
Earth Magic    | 3 6 9 12 14 | 14.6
Necromancy     | 7 8 |  8.0
Staves         | 1 |  1.6
Armour         | |  0.7
Stealth        | |  1.2

Action                   |  1- 3 |  4- 6 |  7- 9 | 10-12 | 13-15 | 16-18 || total
-------------------------+-------+-------+-------+-------+-------+-------++-------
Melee: Club              |    19 |       |       |       |       |       ||    19
       Dagger            |    62 |       |       |       |       |       ||    62
       Short sword       |    30 |   175 |    56 |   102 |    12 |       ||   375
       Rapier            |       |       |       |       |    61 |       ||    61
       Staff             |       |       |       |       |     4 |     2 ||     6
 Cast: Magic Dart        |       |       |    25 |    31 |     1 |       ||    57
       Searing Ray       |       |       |    35 |    52 |    29 |       ||   116
       Stone Arrow       |       |       |       |    18 |   225 |   104 ||   347
       Orb of Destructio |       |       |       |    21 |    27 |    26 ||    74
       Freezing Cloud    |       |       |       |    37 |   153 |    47 ||   237
       Frozen Ramparts   |       |       |       |     2 |       |       ||     2
       Spellforged Servi |       |       |       |       |    17 |    30 ||    47
       Bolt of Magma     |       |       |       |       |     2 |     1 ||     3
       Lee's Rapid Decon |       |       |       |       |    63 |   185 ||   248
       Fireball          |       |       |       |       |     8 |    12 ||    20
       Sublimation of Bl |       |       |       |       |   105 |    90 ||   195
       Lehudib's Crystal |       |       |       |       |       |    13 ||    13
Evoke: Piece from Xom's  |    15 |     9 |     5 |     4 |       |       ||    33
       Wand              |    12 |    10 |    33 |    15 |    16 |     2 ||    88
       Tin of tremorston |       |       |       |     4 |     3 |     2 ||     9
       Box of beasts     |       |       |       |       |     3 |     1 ||     4
  Use: Potion            |       |       |     2 |       |     1 |     1 ||     4
       Scroll            |       |       |     6 |    11 |    14 |     6 ||    37
 Stab: Sleeping          |     1 |     1 |       |     1 |       |       ||     3
       Paralysed         |     3 |       |       |       |       |       ||     3
       Petrified         |       |     3 |       |       |       |       ||     3
       Confused          |       |     3 |       |       |       |       ||     3
Armor: Leather armour    |    13 |       |       |       |       |       ||    13
       Ring mail         |    17 |    51 |    29 |     8 |       |       ||   105
       Troll leather arm |       |       |       |    29 |    16 |       ||    45
       Robe              |       |       |       |       |    38 |    24 ||    62
Dodge: Dodged            |    44 |    65 |    44 |    58 |   152 |    71 ||   434
       Repelled          |       |       |       |       |       |     2 ||     2
Block: Buckler           |    20 |    15 |    21 |    29 |    58 |    30 ||   173
